Map: Whirlwind LE (Void)

Players

PSiArc - Winner!

  • Race: Terran Terran
  • League: Master
  • Spawn Location: 5:00

Kelazhur

  • Race: Terran Terran
  • League: Diamond
  • Spawn Location: 1:00

Event: WESG 2016 Finals

VOD

Have the link to the VOD?

Description

Time

  • Played on: Jan. 13, 2017, 1:52 a.m.
  • Length: 12:24

All games in this series

Show
View Real Time Build Order
Export as new Build Order

PSiArc Terran - Winner!

Build Orders: 1/1/1, Cyclone Opening 

Get SALT Encoding   

  12  0:00  SCV  
  13  0:12  SCV  
  14  0:17  Supply Depot  
  14  0:25  SCV  
  15  0:30  Refinery  
  15  0:38  SCV  
  16  0:44  Barracks  
  16  0:50  SCV  
  16  0:56  Refinery  
  17  1:02  SCV  
  18  1:15  SCV  
  19  1:32  Orbital Command, Barracks Reactor  
  19  1:36  Factory  
  19  1:46  Supply Depot  
  19  1:58  SCV  
  20  2:08  Marine x2  
  20  2:10  SCV  
  23  2:20  Starport  
  23  2:26  Cyclone  
  26  2:35  Marine x2  
  27  2:45  Supply Depot  
  27  2:53  Marine  
  27  2:54  Marine  
  27  2:56  Medivac  
  31  3:06  Cyclone  
  31  3:07  Supply Depot  
  31  3:12  SCV  
  35  3:16  Marine x2  
  37  3:31  SCV  
  37  3:34  Medivac  
  40  3:35  Supply Depot  
  40  3:38  Marine x2  
  42  3:47  Factory Tech Lab  
  42  3:48  SCV  
  43  3:55  Engineering Bay  
  43  4:07  Viking, SCV  
  44  4:27  Marine x2  
  44  4:29  SCV  
  47  4:32  Missile Turret  
  47  4:34  Factory Tech Lab  
  38  4:54  Command Center  
  38  4:57  SCV  
  39  5:04  Raven  
  41  5:12  SCV  
  42  5:15  Siege Tank  
  45  5:24  SCV  
  45  5:27  Marine x2  
  48  5:37  SCV  
  48  5:43  Barracks  
  48  5:53  SCV  
  48  5:55  Marine x2  
  48  5:56  Raven  
  47  6:08  SCV  
  43  6:13  Siege Tank  
  45  6:20  SCV  
  46  6:30  Supply Depot, Marine  
  46  6:31  Marine  
  46  6:32  SCV  
  49  6:37  Barracks  
  49  6:44  SCV  
  50  6:49  Siege Tank  
  55  6:57  Orbital Command  
  55  6:58  SCV  
  55  6:59  Starport Reactor  
  54  7:02  Terran Infantry Weapons Level 1  
  54  7:07  Marine x2  
  56  7:10  SCV  
  56  7:14  Marine  
  58  7:22  SCV  
  59  7:23  Supply Depot  
  59  7:25  Marine  
  60  7:31  SCV  
  60  7:38  Barracks Reactor  
  60  7:40  Marine  
  60  7:41  Marine  
  56  7:46  SCV  
  54  7:52  SCV  
  54  7:53  Marine  
  56  8:01  Marine x2  
  56  8:02  Siege Tank  
  56  8:03  SCV  
  56  8:05  Viking  
  54  8:17  Marine  
  51  8:33  Marine x3  
  52  8:43  Marine  
  52  8:44  Marine  
  35  9:03  Marine x2  
  31  9:52  Marine  
  31  9:53  Marine x2  
  31  9:54  SCV  
  31  9:57  Marine x2  
  31  9:58  Medivac  
  37  10:10  Marine x2  
  37  10:11  SCV  
  40  10:21  Marine x2  
  41  10:23  SCV  
  41  10:24  Marine  
  44  10:35  SCV  
  45  10:40  Marine x2  
  45  10:41  Marine x2  
  43  10:43  Marine  
  43  10:47  SCV  
  45  10:58  Marine x3  
  48  11:07  Marine  
  43  11:19  Marine x2  
  43  11:20  Marine x2, SCV  
  46  11:29  Marine  
  46  11:32  SCV, Refinery  
  48  11:33  Refinery  
  48  11:36  Marine  
  48  11:37  Marine  
  48  11:38  Marine x2  
  52  11:46  SCV  
  52  11:47  Marine  
  54  11:54  Marine  
  54  11:58  SCV  
  54  12:01  Marine  
  54  12:04  Marine x2  
  54  12:10  SCV  
Show
View Real Time Build Order
Export as new Build Order

Kelazhur Terran 

Build Orders: 1/1/1, Cyclone Opening 

Get SALT Encoding   

  12  0:00  SCV  
  13  0:13  SCV  
  14  0:17  Supply Depot  
  14  0:25  SCV  
  14  0:27  Refinery  
  15  0:38  SCV  
  16  0:44  Barracks  
  16  0:50  SCV  
  17  1:02  SCV  
  18  1:04  Refinery  
  18  1:15  SCV  
  19  1:31  Orbital Command, Factory  
  19  1:38  Reaper  
  20  1:45  Supply Depot  
  20  1:57  SCV  
  21  2:09  SCV  
  21  2:10  Reaper  
  23  2:16  Bunker  
  23  2:19  Starport  
  23  2:21  SCV  
  24  2:34  Cyclone  
  27  2:41  SCV  
  27  2:43  Supply Depot, Barracks Tech Lab  
  28  2:53  SCV  
  29  3:07  Cloaking Field, Banshee  
  29  3:11  SCV  
  33  3:15  Barracks Reactor  
  35  3:23  Command Center  
  35  3:26  Widow Mine  
  35  3:35  SCV  
  35  3:38  Supply Depot  
  36  3:52  Marine, Viking  
  39  3:59  Marine  
  40  4:04  SCV  
  40  4:06  Supply Depot  
  41  4:10  Marine  
  42  4:17  Marine  
  38  4:25  Banshee  
  38  4:28  Factory Tech Lab  
  38  4:29  Marine  
  41  4:32  SCV  
  41  4:35  Marine  
  38  4:47  SCV  
  29  4:55  Marine x2  
  29  4:59  Siege Tank, Command Center, SCV  
  32  5:11  SCV  
  33  5:23  SCV  
  33  5:25  Marine, Stimpack  
  33  5:28  Viking x2  
  37  5:34  Siege Tank  
  42  5:36  SCV  
  40  5:55  SCV  
  41  5:57  Marine  
  42  6:10  SCV  
  39  6:15  Marine  
  40  6:20  Orbital Command  
  40  6:23  SCV  
  41  6:26  Viking  
  41  6:29  Viking  
  45  6:35  Marine  
  45  6:36  SCV  
  47  6:47  SCV  
  48  6:48  SCV  
  48  6:52  Siege Tank  
  52  6:59  Barracks, SCV  
  53  7:02  SCV  
  53  7:06  Marine  
  55  7:11  SCV  
  55  7:14  SCV  
  57  7:22  Viking x2  
  61  7:23  SCV  
  61  7:26  SCV  
  61  7:29  Marine  
  61  7:30  Refinery  
  61  7:35  SCV  
  63  7:38  SCV  
  64  7:47  SCV  
  64  7:51  SCV  
  65  7:55  Siege Tank  
  65  7:56  Marine  
  64  7:59  SCV  
  64  8:03  SCV  
  66  8:06  Barracks Reactor  
  66  8:11  SCV  
  67  8:15  SCV  
  67  8:16  Marine  
  69  8:23  SCV  
  69  8:26  Supply Depot  
  68  8:35  SCV  
  68  8:40  Viking  
  67  8:48  SCV  
  66  8:54  Supply Depot  
  56  9:09  Supply Depot  
  50  9:10  Supply Depot  
  50  9:15  SCV, Marine, Viking  
  54  9:22  Supply Depot  
  54  9:23  Bunker  
  54  9:30  SCV  
  55  9:36  Marine  
  53  9:59  SCV  
  53  10:02  Barracks x2, Refinery  
  53  10:05  Barracks  
  53  10:14  SCV  
  52  10:41  SCV  
  52  10:45  Barracks Tech Lab  
  50  10:50  Orbital Command  
  50  10:56  Marine x3  
  50  11:03  SCV  
  51  11:09  Marine  
  43  11:14  Marine x3  
  31  11:18  SCV  
  25  11:27  Marine  
  25  11:32  Marine x3, SCV  
  30  11:37  SCV  
  31  11:44  Marine  
  31  11:49  Marine  
  31  11:50  Marine x2  
  25  11:59  SCV  
  12  12:02  Marine  
  12  12:04  SCV  
  12  12:11  SCV  
Tags
 
Add a new tag
Caveats
  • Supply blocks, unpowered buildings, or Contaminate may cause inaccurate times.
  • Supply counts are checked every 10 seconds.